 Dungeon Crawl Stone Soup version 0.26-a0-810-ge1a9524b62 (webtiles) character file.

Game seed: 16140850891468293322

131 iamoutofideas the Chucker (level 4, -3/42 HPs)
             Began as a Troll Hunter on Nov 13, 2020.
             Slain by Crazy Yiuf
             ... wielding a +3 quarterstaff of chaos
              (5 damage)
             ... on level 2 of the Dungeon.
             The game lasted 00:02:30 (1716 turns).

iamoutofideas the Chucker (Troll Hunter)            Turns: 1716, Time: 00:02:30

Health: -3/42      AC:  6    Str: 21    XL:     4   Next: 91%
Magic:  3/3        EV: 10    Int:  7    God:
Gold:   132        SH:  0    Dex: 10    Spells: 3/3 levels left

rFire    . . .     SeeInvis .     - Unarmed
rCold    . . .     Faith    .   (no shield)
rNeg     . . .     Spirit   .   b - +0 robe
rPois    .         Reflect  .   (helmet restricted)
rElec    .         Harm     .   (no cloak)
rCorr    .         Rampage  .   (gloves unavailable)
MR       .....                  (boots unavailable)
Stlth    +.........             (no amulet)
HPRegen  0.54/turn              (no ring)
MPRegen  0.08/turn              (no ring)

@: no status effects
A: large, unfitting armour, claws 3, regeneration 1, shaggy fur 1, tough skin 3
a: no special abilities


You were on level 2 of the Dungeon.
You visited 1 branch of the dungeon, and saw 2 of its levels.

You collected 132 gold pieces.

Inventory:

Missiles
 c - 5 large rocks (quivered)
 d - 2 throwing nets
 m - 69 stones
Armour
 b - a +0 robe (worn)
Scrolls
 a - 7 scrolls of identify {unknown}
 e - a scroll of enchant weapon {unknown}
 f - 3 scrolls of teleportation {unknown}
 g - a scroll of magic mapping {unknown}
 h - 5 scrolls of remove curse {unknown}
 k - a scroll of noise {unknown}
 o - a scroll of amnesia {unknown}
Potions
 i - a potion of berserk rage {unknown}
 j - 4 potions of curing {unknown}
 l - a potion of mutation {unknown}
 n - a potion of brilliance {unknown}
 p - a potion of haste


   Skills:
 + Level 1.7 Fighting
 + Level 4.2 Throwing
 + Level 2.1 Dodging
 + Level 0.4 Stealth
 * Level 3.2 Unarmed Combat


You had 3 spell levels left.
You didn't know any spells.
Your spell library was empty.

Dungeon Overview and Level Annotations

Branches:
Dungeon (2/15)

Altars:
Ru

Annotations:
D:2 Crazy Yiuf


Innate Abilities, Weirdness & Mutations

You are too large for most types of armour.
You have claws for hands.
Your natural rate of healing is unusually fast.
You are covered in fur. (AC +1)
You have extremely tough skin. (AC +3)


Message History

Crazy Yiuf cries, "Shadow infinity shoe!"
You completely miss Crazy Yiuf.
Crazy Yiuf hits you with a +3 quarterstaff of chaos!
Crazy Yiuf freezes you.
You scratch Crazy Yiuf but do no damage.
Crazy Yiuf hits you with a +3 quarterstaff of chaos!
Crazy Yiuf burns you.
You scratch Crazy Yiuf.
Crazy Yiuf is moderately wounded.
Crazy Yiuf misses you.
You barely miss Crazy Yiuf.
Crazy Yiuf is moderately wounded.
Crazy Yiuf hits you with a +3 quarterstaff of chaos!
* * * LOW HITPOINT WARNING * * *
Crazy Yiuf burns you.
* * * LOW HITPOINT WARNING * * *
You barely miss Crazy Yiuf.
Crazy Yiuf is moderately wounded.
Crazy Yiuf hits you with a +3 quarterstaff of chaos.
You die...

##### #####
#...#######
#)..# ######
#.........#
#...#
#######.....
#...#######
...
#...........
##.## #g#
#######.....
#.# #@##
#..### #.#
##.# ##.....
#[# #.##
######...###
###.########
##.#
#.<......# #
...........#
##.##
#######.)# #
###.########
##...# #..#
# #.....#
#....# #..#
#####.#
#....# ####
#..# #.# ###
#....# #..##
#.รท#


You could see Crazy Yiuf.

Vanquished Creatures
  Terence (D:2)
  4 gnolls (D:2)
  An adder (D:2)
  A worm (D:2)
  A dart slug (D:2)
  2 leopard geckos
  A ball python (D:1)
  4 giant cockroaches
  10 hobgoblins
  3 jackals (D:1)
  4 kobolds
  11 bats
  A frilled lizard (D:2)
  3 goblins
  4 rats
51 creatures vanquished.

Notes
Turn   | Place    | Note
-------+----------+-------------------------------------------
     0 | D:1      | iamoutofideas the Troll Hunter began the quest for the Orb.
     0 | D:1      | Reached XP level 1. HP: 19/19 MP: 0/0
   183 | D:1      | Reached XP level 2. HP: 24/27 MP: 1/1
   251 | D:1      | Reached skill level 4 in Throwing
   383 | D:1      | Reached skill level 1 in Unarmed Combat
   571 | D:1      | Reached XP level 3. HP: 35/35 MP: 2/2
   919 | D:2      | Noticed Terence
   931 | D:2      | Killed Terence
   935 | D:2      | Reached XP level 4. HP: 17/42 MP: 3/3
  1175 | D:2      | Found a runed translucent door.
  1176 | D:2      | Noticed Crazy Yiuf
  1375 | D:2      | Found a sacrificial altar of Ru.
  1715 | D:2      | HP: 2/42 [Crazy Yiuf/+3 quarterstaff of chaos (2)]
  1716 | D:2      | Slain by Crazy Yiuf

Illustrated notes

Levels and vault maps discovered:
D:1:      elethiomel_arrival_quiet, layout_loops_cross, minmay_misc_feat_iff
D:2:      layout_loops_ring, nicolae_ru_path_of_blood, uniq_terence,
          uniq_crazy_yiuf_cottage

Skill      XL: |  1  2  3  4 |
---------------+-------------+-----
Throwing       | 4 |  4.2
Unarmed Combat | 1 2 3 |  3.2
Dodging        | 2 |  2.1
Fighting       | |  1.7
Stealth        | |  0.4

Action                   |  1- 3 |  4- 6 || total
-------------------------+-------+-------++-------
Melee: Unarmed           |   111 |    62 ||   173
       Punch             |     1 |     1 ||     2
 Stab: Sleeping          |       |     1 ||     1
Armor: Robe              |    60 |    16 ||    76
Dodge: Dodged            |    67 |    35 ||   102

Table legend: (Time is in decaauts)
 A = Elapsed time spent in this place.
 B = Non-inter-level travel time spent in this place.
 C = Inter-level travel time spent in this place.
 D = Time resting spent in this place.
 E = Time spent auto-exploring this place.
 F = Levels seen in this place.
 G = Mean time per level.
                   A        B        C        D        E       F      G
               +--------+--------+--------+--------+--------+-----+--------+
         Total |   1711 |   1637 |     74 |     55 |   1193 |   2 |  855.5 |
       Dungeon |   1711 |   1637 |     74 |     55 |   1193 |   2 |  855.5 |
               +--------+--------+--------+--------+--------+-----+--------+

Top non-repeatable levels by time:
     D:2: 940 daAuts
     D:1: 771 daAuts
